 Dungeon Crawl Stone Soup version 0.17-a0-1863-g715b4b0 (webtiles) character file.

385 Goblin1989 the Slicer (level 7, -3/40 HPs)
             Began as a Kobold Assassin on Sept 20, 2015.
             Was an Initiate of Dithmenos.
             Killed by divine providence
             ... invoked by an orc priest
              (14 damage)
             ... on level 5 of the Dungeon.
             The game lasted 00:14:46 (2740 turns).

Goblin1989 the Slicer (Kobold Assassin)             Turns: 2740, Time: 00:14:47

Health: -3/40      AC:  3    Str: 10    XL:     7   Next: 6%
Magic:  7/7        EV: 14    Int:  9    God:    Dithmenos [......]
Gold:   124        SH:  0    Dex: 19    Spells: 0 memorised, 6 levels left

rFire  . . .     SeeInvis .     a - +2 dagger
rCold  . . .     Clarity  .     c - +0 robe
rNeg   . . .     SustAt   .     (shield restricted)
rPois  .         Gourm    .     (no helmet)
rElec  .         Spirit   .     d - +0 cloak
rCorr  .         Warding  .     (no gloves)
rMut   .         Stasis   .     (no boots)
MR     .....                    (no amulet)
Stlth  ++++......               (no ring)
                                (no ring)

@: not resistant to hostile enchantments, stealthy
A: carnivore 3
a: Renounce Religion


You were on level 5 of the Dungeon.
You worshipped Dithmenos.
Dithmenos was noncommittal.
You were completely stuffed.

You visited 2 branches of the dungeon, and saw 6 of its levels.

You collected 124 gold pieces.

Inventory:

Hand weapons
 a - a +2 dagger (weapon)
 b - a +0 blowgun
Armour
 c - a +0 robe (worn)
 d - a +0 cloak (worn)
Scrolls
 h - a scroll of remove curse
 i - a scroll of magic mapping {unknown}
 j - a scroll of teleportation {unknown}
 k - a scroll of identify
 l - 4 scrolls of random uselessness {unknown}
 r - a scroll of amnesia {unknown}
 s - a scroll of fear {unknown}
 t - a scroll of fog {unknown}
Potions
 o - 2 potions of cancellation {unknown}
 p - a potion of might {unknown}
Comestibles
 f - 3 chunks of flesh
 g - 4 meat rations
 m - 2 beef jerkies
 q - a slice of pizza


   Skills:
 - Level 2.1 Fighting
 + Level 9.2 Short Blades
 - Level 2.6 Throwing
 - Level 1.2 Dodging
 - Level 5.3 Stealth


You had 6 spell levels left.
You didn't know any spells.

Dungeon Overview and Level Annotations

Branches:
Dungeon (5/15)             Temple (1/1) D:4

Altars:
Ashenzari
Cheibriados
Dithmenos
Gozag
Kikubaaqudgha
Makhleb
Nemelex Xobeh
Okawaru
Sif Muna
Trog
Vehumet
Xom
Yredelemnul
Zin

Annotations:
D:4 hal2100's ghost, average DsCj


Innate Abilities, Weirdness & Mutations

You are small and have problems with some larger weapons.
You are carnivorous and can eat meat at any time.


Message History

The orc is moderately wounded.
The orc priest calls down the wrath of Beogh upon you.
Something smites you!
* * * LOW HITPOINT WARNING * * *
The orc hits you.
* * * LOW HITPOINT WARNING * * *
b - a +0 blowgun (weapon)
Fire/throw which item? (* to show all) (? for menu, Esc to quit)
Okay, then.
Firing (i - inventory):
n - a curare-tipped needle (quivered)
Press: ? - help, Shift-Dir - straight line, f - orc
Aim: an orc (moderately wounded)
You shoot a curare-tipped needle. The curare-tipped needle hits the orc.
The orc is poisoned.
The orc convulses.
You kill the orc!
Dithmenos accepts your kill.
a - a +2 dagger (weapon)
The orc priest calls down the wrath of Beogh upon you.
Something smites you!
You die...

...## #....# ....# ##....#
....# ###.....# ....####
###.......# o......#
###...###.###
.......####...### #.#
#...#.o..##.### ##.#
...###....(.######..#
...........#((.o@..##
.#.).).#..)...######
##.._..##..##....#
#.).).#....####.####
..........#.####....###
...###.........####...#####
....#..........## ###.....#
##..............#########.###
.....................###...#


You could see an orc priest.

Vanquished Creatures
  A scorpion (D:3)
  A killer bee (D:3)
  An orc wizard (D:5)
  An orc priest (D:4)
  2 hounds (D:4)
  A worker ant (D:4)
  6 adders
  6 worms
  3 giant geckos
  9 orcs
  2 hobgoblins
  3 jackals (D:1)
  9 kobolds
  3 quokkas
  9 bats
  3 giant cockroaches
  A giant newt (D:2)
  10 goblins
  2 rats
73 creatures vanquished.

Notes
Turn   | Place    | Note
--------------------------------------------------------------
     0 | D:1      | Goblin1989 the Kobold Assassin began the quest for the Orb.
     0 | D:1      | Reached XP level 1. HP: 12/12 MP: 1/1
   321 | D:1      | Reached XP level 2. HP: 17/17 MP: 2/2
   891 | D:2      | Reached XP level 3. HP: 21/21 MP: 3/3
   957 | D:2      | Reached skill level 5 in Short Blades
  1119 | D:2      | Reached XP level 4. HP: 26/26 MP: 4/4
  1391 | D:2      | Found a faded altar to an unknown god.
  1456 | D:3      | Reached skill level 6 in Short Blades
  1475 | D:3      | Found a deep blue altar of Sif Muna.
  1601 | D:3      | Reached XP level 5. HP: 16/30 MP: 5/5
  1839 | D:3      | Reached skill level 7 in Short Blades
  1911 | D:3      | Reached XP level 6. HP: 28/35 MP: 6/6
  2026 | D:4      | Reached skill level 8 in Short Blades
  2043 | D:4      | Noticed hal2100's ghost (average DsCj)
  2387 | D:4      | Found a staircase to the Ecumenical Temple.
  2401 | Temple   | Entered the Ecumenical Temple
  2473 | Temple   | Became a worshipper of Dithmenos the Shadowed
  2510 | D:5      | Entered Level 5 of the Dungeon
  2538 | D:5      | Found an iron altar of Okawaru.
  2627 | D:5      | Reached skill level 9 in Short Blades
  2703 | D:5      | Reached XP level 7. HP: 26/40 MP: 7/7
  2740 | D:5      | Killed from afar by an orc priest

Vault maps used:
D:1:      lemuel_arrival_room, minmay_crystal_water
D:2:      ecumenical_altar_1
D:3:      lemuel_blue_sif_altar
D:4:      minmay_temple_entry_overgrown
D:5:      okawaru_ov_weapons_minmay, nicolae_ru_path_of_blood, first_bread
Temple:   circular_temple_pool_12

Action                   |  1- 3 |  4- 6 |  7- 9 || total
-------------------------+-------+-------+-------++-------
Melee: Dagger            |    71 |   166 |    12 ||   249
 Fire: Blowgun           |     8 |    22 |     4 ||    34
  Use: Scroll            |       |     2 |       ||     2
       Potion            |       |     2 |       ||     2
 Stab: Sleeping          |    12 |    15 |       ||    27
  Eat: Chunk             |     9 |     4 |     1 ||    14
